 Dungeon Crawl Stone Soup version 0.23-a0-183-gf37f6fb (webtiles) character file.

11714 thisislikeit the Covert (level 11, -3/52 HPs)
             Began as a Vine Stalker Assassin on Sept 21, 2018.
             Was a High Priest of Okawaru.
             Slain by Snorg (15 damage)
             ... on level 12 of the Dungeon.
             The game lasted 00:56:01 (11543 turns).

thisislikeit the Covert (Vine Stalker Assassin)    Turns: 11543, Time: 00:56:01

Health: -3/52      AC: 10    Str: 12    XL:     11   Next: 82%
Magic:  0/24       EV: 15    Int: 21    God:    Okawaru [*****.]
Gold:   563        SH:  4    Dex: 16    Spells: 22/26 levels left

rFire    . . .     SeeInvis .   a - +7 short sword
rCold    + . .     Gourm    .   (no shield)
rNeg     . . .     Faith    .   O - +0 leather armour of Resourcefulness {rPois Str-3 Int+8}
rPois    +         Spirit   +   E - +0 helmet
rElec    .         Reflect  +   d - +0 cloak
rCorr    .         Harm     .   N - +0 pair of gloves
MR       +....                  c - +2 pair of boots
Stlth    ++++......             s - +4 amulet of reflection
HPRegen  0.57/turn              o - ring of protection from cold
MPRegen  0.19/turn              H - +2 ring of evasion

@: about to teleport, very slightly contaminated
A: fangs 3, blink, frail 1, regeneration 1, shaggy fur 1, magic shield,
antimagic bite, no potion heal 3, rot immunity
a: Blink, Heroism, Finesse, Renounce Religion


You were on level 12 of the Dungeon.
You worshipped Okawaru.
Okawaru was extremely pleased with you.
You were not hungry.

You visited 3 branches of the dungeon, and saw 14 of its levels.

You collected 602 gold pieces.
You spent 39 gold pieces at shops.

Inventory:

Hand Weapons
 a - a +7 short sword (weapon)
   (You took it off a wight on level 7 of the Dungeon)
 b - a +0 blowgun
 w - the +2 dagger "Huzxuhen" {flame, rC+ Dex+3 Stlth+}
   (Okawaru gifted it to you on level 9 of the Dungeon)

   It has been specially enchanted to burn those struck by it, causing extra
   injury to most foes and up to half again as much damage against particularly
   susceptible opponents.
   It affects your dexterity (+3).
   It protects you from cold.
   It makes you more stealthy.
 Z - the +4 short sword of Wyrd {pierce, *Corrode rElec rF+ rC+++}
   (Okawaru gifted it to you on level 10 of the Dungeon)

   It inflicts extra damage upon your enemies.
   It protects you from fire.
   It renders you almost immune to cold.
   It insulates you from electricity.
   It may corrode you when you take damage.
Missiles
 g - 5 javelins (quivered)
 r - 6 needles of sleeping
 A - 12 tomahawks
 G - 72 poisoned needles
 S - 4 tomahawks of returning
 W - 3 throwing nets {!f}
Armour
 c - a +2 pair of boots (worn)
   (You found it on level 4 of the Dungeon)
 d - a +0 cloak (worn)
 q - a +2 ring mail of fire resistance
   (You took it off an orc on level 10 of the Dungeon)
 B - a +3 leather armour of cold resistance
   (You found it on level 9 of the Dungeon)
 E - a +0 helmet (worn)
   (You found it on level 5 of the Dungeon)
 L - a +1 leather armour of magic resistance
   (You found it on level 6 of the Dungeon)
 N - a +0 pair of gloves (worn)
   (You found it on level 6 of the Dungeon)
 O - the +0 leather armour of Resourcefulness (worn) {rPois Str-3 Int+8}
   (You found it on level 7 of the Dungeon)

   It affects your strength (-3).
   It affects your intelligence (+8).
   It protects you from poison.
Magical Staves
 M - an uncursed staff of power {unknown}
   (You found it on level 12 of the Dungeon)
Jewellery
 o - a ring of protection from cold (left hand)
   (You found it on level 2 of the Dungeon)
 s - a +4 amulet of reflection (around neck)
   (You found it on level 2 of the Dungeon)
 v - an uncursed amulet of the gourmand {unknown}
   (You found it on level 11 of the Dungeon)
 C - a cursed amulet of inaccuracy {unknown}
   (You found it on level 11 of the Dungeon)
 H - a +2 ring of evasion (right hand)
   (You found it on level 11 of the Dungeon)
 R - an uncursed ring of ice
   (You found it on level 7 of the Dungeon)
Wands
 t - a wand of flame (23)
   (You found it on level 7 of the Dungeon)
 I - a wand of polymorph (16)
   (You found it on level 5 of the Dungeon)
 P - a wand of clouds (7)
   (You took it off Joseph on level 7 of the Dungeon)
 X - a wand of enslavement (19)
   (You took it off a kobold on level 8 of the Dungeon)
Scrolls
 h - 4 scrolls of magic mapping
 i - 5 scrolls of teleportation {@r4}
 j - 6 scrolls of remove curse {@r2}
 u - 2 scrolls of enchant weapon {unknown}
 y - 4 scrolls of enchant armour
 J - 2 scrolls of fear {unknown}
 K - 2 scrolls of fog {unknown}
 T - 4 scrolls of immolation {unknown}
 V - 3 scrolls of amnesia
Potions
 k - 5 potions of flight
 l - 15 potions of degeneration {!q}
 n - 2 potions of brilliance {unknown}
 p - 3 potions of invisibility
 x - a potion of might
 z - 3 potions of haste {@q3}
 D - 4 potions of curing {@q1}
 F - 2 potions of lignification {!q}
 U - a potion of agility {unknown}
Comestibles
 e - 14 rations {!d}
 Q - 8 chunks of flesh


   Skills:
 - Level 7.0 Fighting
 - Level 9.2 Short Blades
 - Level 1.7 Throwing
 - Level 3.0 Armour
 - Level 3.2 Dodging
 - Level 10.3 Stealth
 + Level 8.3 Spellcasting
 - Level 6.4 Poison Magic


You had 22 spell levels left.
You knew the following spells:

 Your Spells              Type           Power        Failure   Level  Hunger
y - Olgreb's Toxic Radia  Pois           #####...     7%          4    ###....

Your spell library contained the following spells:

 Spells                   Type           Power        Failure   Level  Hunger
 Sting                    Conj/Pois      ###.         2%          1    None
 Poisonous Vapours        Pois/Air       ###...       4%          2    None
 Confusing Touch          Hex            #.....       10%         1    None
 Mephitic Cloud           Conj/Pois/Air  ###.....     12%         3    None
 Confuse                  Hex            #.......     28%         3    None
 Gell's Gravitas          Tloc           #.........   28%         3    None
 Venom Bolt               Conj/Pois      ###.......   58%         5    #####..
 Petrify                  Tmut/Erth      #.......     67%         4    ###....
 Metabolic Englaciation   Hex/Ice        #.........   95%         5    #####..
 Yara's Violent Unravell  Hex/Tmut       #.........   95%         5    #####..


Dungeon Overview and Level Annotations

Branches:
Dungeon (12/15)            Temple (1/1) D:4            Lair (0/6) D:9
    Orc (1/2) D:9

Altars:
Ashenzari
Fedhas
Gozag
Hepliaklqana
Okawaru
Qazlal
Ru
Sif Muna
Trog
Uskayaw
Wu Jian
Xom
Yredelemnul
The Shining One

Shops:
D:5 !   D:8 %

Annotations:
D:8 3 runed doors, BisonMan's ghost, novice GrFi
D:12 Erolcha; Snorg


Innate Abilities, Weirdness & Mutations

You have razor-sharp teeth.
Your natural rate of healing is unusually fast.
When hurt, damage is shared between your health and your magic reserves.
Your bite disrupts and absorbs the magic of your enemies.
Potions cannot restore your health.
You are immune to rotting.
You can translocate small distances at will.
You are frail. (-10% HP)
You are covered in fur. (AC +1)


Message History

You see here a glowing flail.
U - a purple potion Snorg the Insatiable comes into view.
Here: Snorg (hasn't noticed you)
The floor.
Unknown command.
You begin to radiate toxic energy.
Snorg shouts!
Snorg is poisoned.
Wield which item (- for none, * to show all)? (? for menu, Esc to quit)
b - a +0 blowgun (weapon)
Wield which item (- for none, * to show all)? (? for menu, Esc to quit)
Okay, then.
Snorg looks even sicker.
Snorg looks even sicker.
Your toxic aura wanes.
You begin to radiate toxic energy.
Snorg looks as sick as possible!
Your toxic aura wanes.
You see here a glowing flail.
You begin to radiate toxic energy.
Snorg looks even sicker.
Firing (i - inventory. (/) - cycle)
f - a curare-tipped needle (quivered)
{!f}
Aim: Snorg (lightly wounded, poisoned) Really fire
f - a curare-tipped needle {!f}?
You shoot a curare-tipped needle {!f}.
The curare-tipped needle {!f} hits Snorg.
Snorg looks as sick as possible!
Snorg convulses.
Snorg seems to slow down.
Snorg looks as sick as possible!
Your toxic aura wanes.
Snorg shakes off her lethargy.
Snorg goes berserk!
There is a stone staircase leading up here.
a - a +7 short sword (weapon)
You closely miss Snorg. You bite Snorg. You drain her power.
You feel invigorated. Snorg closely misses you. x2
Snorg claws you but does no damage.
You puncture Snorg! Snorg bites you!! Snorg closely misses you.
Snorg claws you!
* * * LOW HITPOINT WARNING * * *
You puncture Snorg! You bite Snorg, but do no damage.
Snorg bites you but does no damage. Snorg claws you!
* * * LOW HITPOINT WARNING * * *
Snorg claws you.
* * * LOW HITPOINT WARNING * * *
Blink to where?
You are very lightly contaminated with residual magic.
As you read the scroll of blinking, it crumbles to dust.
Unknown command.
Okay, then.
As you read the scroll of teleportation {@r4}, it crumbles to dust.
You feel strangely unstable. Snorg bites you!!
You die...

#############################
.......†....................#
########........@T..........#
########....................#
............................#
.......)....................#
............................#
.........#################..#
............. .............#
............. .............#
.############ ....%$.......#


You could see Snorg (berserk).

Vanquished Creatures
  Josephine (D:10)
  Pikel (D:5)
  Joseph (D:7)
  3 kobold demonologists (D:11)
  The ghost of Zubeida the Quickloader, a novice KoHu of Qazlal (D:5)
  A troll (D:10)
  3 wyverns
  A vampire (D:12)
  4 wraiths
  Eustachio (D:5)
  5 yaks (D:10)
  A vampire mosquito (D:12)
  Edmund (D:4)
  9 orc warriors
  A swamp drake (D:9)
  5 ice beasts
  6 sky beasts
  A slave (D:5)
  2 phantoms
  6 ogres
  2 centaurs
  4 big kobolds
  7 bullfrogs
  2 gnoll sergeants
  2 scorpions
  5 wights (D:7)
  3 howler monkeys
  6 crimson imps
  2 quasits
  2 centaur zombies
  9 hounds
  3 bullfrog zombies
  3 centaur skeletons
  4 jellies
  A bullfrog skeleton (D:5)
  11 orc priests
  10 orc wizards
  Jessica (D:2)
  Terence (D:2)
  4 iguanas
  8 worker ants
  2 hound skeletons
  A worker ant zombie (D:3)
  A howler monkey zombie (D:9)
  11 gnolls
  9 adders
  4 shadow imps
  3 oozes
  An adder zombie (D:10)
  3 worms
  3 dart slugs
  51 orcs
  3 ball pythons
  7 giant cockroaches
  5 goblins
  7 hobgoblins
  8 jackals
  17 kobolds
  5 quokkas
  4 bats
  8 frilled lizards
  A leopard gecko skeleton (D:4)
  A leopard gecko zombie (D:6)
  A quokka skeleton (D:6)
  8 rats
  A butterfly (D:4)
309 creatures vanquished.

Notes
Turn   | Place    | Note
-------+----------+-------------------------------------------
     0 | D:1      | thisislikeit the Vine Stalker Assassin began the quest for
                  | the Orb.
     0 | D:1      | Reached XP level 1. HP: 11/11 MP: 2/2
   356 | D:1      | Reached XP level 2. HP: 8/15 MP: 1/3
   547 | D:2      | Noticed Jessica
   964 | D:2      | Reached XP level 3. HP: 18/18 MP: 4/4
  1175 | D:2      | Noticed Terence
  1187 | D:2      | Killed Terence
  1187 | D:2      | Gained mutation: Your natural rate of healing is unusually
                  | fast. [Vine Stalker growth]
  1187 | D:2      | Reached XP level 4. HP: 23/23 MP: 5/5
  1195 | D:2      | Killed Jessica
  1257 | D:2      | Upgraded the game from 0.23-a0-182-g58cdd98 to
                  | 0.23-a0-183-gf37f6fb
  1459 | D:2      | Reached XP level 5. HP: 26/26 MP: 6/6
  1873 | D:3      | Found a basalt altar of Yredelemnul.
  1875 | D:3      | Noticed a profane servitor
  1888 | D:3      | Found a glowing golden altar of the Shining One.
  1908 | D:3      | Reached skill level 5 in Short Blades
  2026 | D:3      | Noticed an angel
  2081 | D:3      | Found a faded altar of an unknown god.
  2415 | D:4      | Found a staircase to the Ecumenical Temple.
  2423 | Temple   | Entered the Ecumenical Temple
  2479 | Temple   | Became a worshipper of Warmaster Okawaru
  2572 | D:4      | Noticed Edmund
  2646 | D:4      | Killed Edmund
  2646 | D:4      | Reached XP level 6. HP: 15/30 MP: 2/7
  2759 | D:4      | Noticed a sky beast
  2763 | D:4      | Killed a sky beast
  2763 | D:4      | Reached * piety under Okawaru
  2807 | D:4      | Reached XP level 7. HP: 29/34 MP: 6/8
  3155 | D:4      | Reached skill level 5 in Stealth
  3683 | D:5      | Entered Level 5 of the Dungeon
  3890 | D:5      | Gained mutation: You have razor-sharp teeth. [Vine Stalker
                  | growth]
  3890 | D:5      | Reached XP level 8. HP: 34/40 MP: 7/9
  3927 | D:5      | Found Vanusm's Distillery.
  3952 | D:5      | Bought a potion of lignification for 39 gold pieces
  3959 | D:5      | Noticed Eustachio
  4008 | D:5      | Killed Eustachio
  4008 | D:5      | Reached ** piety under Okawaru
  4008 | D:5      | Reached skill level 6 in Stealth
  4034 | D:5      | Found a runed gate.
  4036 | D:5      | Found a runed gate.
  4036 | D:5      | Found a runed gate.
  4036 | D:5      | Noticed Zubeida's ghost (novice KoHu)
  4386 | D:5      | Noticed Pikel
  4452 | D:5      | Killed Pikel
  4452 | D:5      | Reached skill level 7 in Stealth
  4685 | D:5      | Killed Zubeida's ghost
  4685 | D:5      | Reached *** piety under Okawaru
  4685 | D:5      | Reached skill level 5 in Fighting
  4685 | D:5      | Reached skill level 8 in Stealth
  4685 | D:5      | Reached XP level 9. HP: 44/47 MP: 8/10
  4962 | D:4      | Found a staircase to the Ecumenical Temple.
  6467 | D:6      | Reached **** piety under Okawaru
  6467 | D:6      | Reached skill level 9 in Stealth
  7081 | D:7      | Noticed Joseph
  7086 | D:7      | Killed Joseph
  7137 | D:7      | Reached XP level 10. HP: 53/53 MP: 11/11
  7175 | D:7      | Reached skill level 10 in Stealth
  7359 | D:7      | Learned a level 4 spell: Olgreb's Toxic Radiance
  7424 | D:7      | Reached skill level 1 in Spellcasting
  7424 | D:7      | Reached skill level 1 in Poison Magic
  7530 | D:7      | Got a pitted leather armour
  7533 | D:7      | Identified the cursed +0 leather armour of Resourcefulness
                  | {rPois Str-3 Int+8} (You found it on level 7 of the
                  | Dungeon)
  7838 | D:8      | Reached ***** piety under Okawaru
  7944 | D:8      | Found a runed gate.
  7946 | D:8      | Found an opulent altar of Gozag.
  7948 | D:8      | Found a runed gate.
  7948 | D:8      | Found a runed gate.
  7948 | D:8      | Noticed an eight-headed hydra
  7948 | D:8      | Noticed BisonMan's ghost (novice GrFi)
  7949 | D:8      | Noticed a five-headed hydra
  8055 | D:8      | Found Ciwkojee's Food Boutique.
  8539 | D:9      | Found a staircase to the Orcish Mines.
  8820 | D:9      | Received a gift from Okawaru
  8821 | D:9      | Got a transparent dagger {god gift}
  8827 | D:9      | Identified the +2 dagger "Huzxuhen" {flame, rC+ Dex+3
                  | Stlth+} (Okawaru gifted it to you on level 9 of the
                  | Dungeon)
  9044 | D:9      | Found a staircase to the Lair.
  9421 | Orc:1    | Entered Level 1 of the Orcish Mines
  9421 | Orc:1    | Found a bloodstained altar of Trog.
  9422 | Orc:1    | Reached skill level 5 in Spellcasting
  9422 | Orc:1    | Reached skill level 5 in Poison Magic
  9426 | Orc:1    | Noticed an orc knight
  9526 | D:10     | Entered Level 10 of the Dungeon
  9566 | D:10     | Noticed Josephine
  9596 | D:10     | Reached XP level 11. HP: 40/58 MP: 20/20
  9763 | D:10     | Killed Josephine
  9787 | D:10     | Reached skill level 1 in Dodging
  9979 | D:10     | Reached skill level 1 in Armour
 10275 | D:10     | Received a gift from Okawaru
 10278 | D:10     | Got a dazzling short sword {god gift}
 10294 | D:10     | Identified the +4 short sword of Wyrd {pierce, *Corrode
                  | rElec rF+ rC+++} (Okawaru gifted it to you on level 10 of
                  | the Dungeon)
 10838 | D:10     | Gained mutation: You are frail. (-10% HP) [potion of
                  | mutation]
 10838 | D:10     | Gained mutation: You are covered in fur. (AC +1) [potion of
                  | mutation]
 10838 | D:10     | Gained mutation: You can translocate small distances at
                  | will. [potion of mutation]
 11164 | D:11     | Found a glowing golden altar of the Shining One.
 11420 | D:12     | Noticed Erolcha
 11514 | D:12     | Noticed Snorg
 11543 | D:12     | Slain by Snorg

Vault maps used:
D:1:      dpeg_arrival_arbitrary_c
D:2:      kennysheep_generic_room_5, uniq_terence, uniq_jessica
D:3:      grunt_temple_overflow_holy_war, chequers_ecumenical_altar_twisty
D:4:      minmay_temple_entry_butterflies, first_ration, minmay_cupped,
          uniq_edmund
D:5:      serial_shops, nicolae_shop_crystal, gammafunk_ghost_split,
          uniq_eustachio, uniq_pikel
D:6:      grunt_ministairs_10
D:7:      minmay_misc_feat_plants, minmay_misc_feat_ornament, uniq_joseph
D:8:      serial_shops, shop, ebering_ghost_gozag
D:9:      lair_entry_dummy, erik_orc_1, grunt_ogre_cave,
          minmay_misc_feat_encased
D:10:     kennysheep_decorative_pillar, uniq_josephine
D:11:     serial_park_tiny_pond, nicolae_tso_carved_into_rock
D:12:     uniq_erolcha, uniq_fannar, uniq_snorg
Temple:   regret_index_temple_chain_breaker
Orc:1:    basic_altar

Skill      XL: |  1  2  3  4  5  6  7  8  9 10 11 |
---------------+----------------------------------+-----
Short Blades   | 2 3 4 6 7 8 9 |  9.2
Fighting       | 3 5 6 7 |  7.0
Stealth        | 5 8 9 10 | 10.3
Spellcasting   | 5 8 |  8.3
Poison Magic   | 5 6 |  6.4
Dodging        | 3 |  3.2
Armour         | 3 |  3.0
Throwing       | |  1.7

Action                   |  1- 3 |  4- 6 |  7- 9 | 10-12 || total
-------------------------+-------+-------+-------+-------++-------
Melee: Dagger            |    59 |   130 |   475 |   202 ||   866
       Bite              |    16 |    34 |   156 |   158 ||   364
       Short sword       |       |       |       |   283 ||   283
 Fire: Blowgun           |       |    33 |    59 |    74 ||   166
Throw: Stone             |     1 |     6 |       |       ||     7
       Tomahawk          |       |       |       |     3 ||     3
       Javelin           |       |       |       |     2 ||     2
 Cast: Olgreb's Toxic Ra |       |       |       |    33 ||    33
  Use: Potion            |     1 |       |       |     3 ||     4
       Scroll            |       |     3 |     8 |    10 ||    21
 Stab: Sleeping          |     4 |     5 |    15 |    21 ||    45
       Distracted        |       |       |     3 |     3 ||     6
  Eat: Chunk             |       |     6 |    10 |    13 ||    29
       Ration            |       |       |     1 |     2 ||     3
Armor: Robe              |     4 |       |       |       ||     4
       Ring mail         |     8 |    47 |    28 |       ||    83
       Leather armour    |       |       |    75 |   101 ||   176
Dodge: Dodged            |    27 |    51 |   130 |   170 ||   378
Block: Other             |       |       |    38 |    50 ||    88
       Reflection        |       |       |       |     4 ||     4

Table legend:
 A = Non-vault XP
 B = Vault XP
 C = Vault XP percentage of total XP
 D = Non-vault monster count
 E = Vault monster count
 F = Vault count percentage of total count
                 A         B        C        D         E       F
            +---------+---------+-------+---------+---------+-------
      Total |   12280 |    4455 |  26.6 |     271 |      36 |  11.7
            +---------+---------+-------+---------+---------+-------
        D:1 |      53 |       0 |   0.0 |      18 |       0 |   0.0
        D:2 |      64 |      74 |  53.6 |      17 |       3 |  15.0
        D:3 |     221 |       0 |   0.0 |      28 |       0 |   0.0
        D:4 |     483 |     160 |  24.9 |      25 |       3 |  10.7
        D:5 |     427 |    1283 |  75.0 |      14 |       5 |  26.3
        D:6 |    1075 |      92 |   7.9 |      32 |       2 |   5.9
        D:7 |    1279 |     460 |  26.5 |      23 |       1 |   4.2
        D:8 |     923 |       0 |   0.0 |      26 |       0 |   0.0
        D:9 |    1127 |     695 |  38.1 |      16 |      18 |  52.9
       D:10 |    3543 |    1691 |  32.3 |      40 |       4 |   9.1
       D:11 |    1657 |       0 |   0.0 |      18 |       0 |   0.0
       D:12 |    1131 |       0 |   0.0 |      10 |       0 |   0.0
      Orc:1 |     297 |       0 |   0.0 |       4 |       0 |   0.0
            +---------+---------+-------+---------+---------+-------
